 Dungeon Crawl Stone Soup version 0.28.0-53-g5a82cb258f (webtiles) character file.

Game seed: 17795433565109608614

203 gobodom the Magician (level 5, -1/35 HPs)
             Began as a Demonspawn Hedge Wizard on June 9, 2022.
             Slain by a water moccasin (6 damage)
             ... on level 4 of the Dungeon.
             The game lasted 00:12:37 (3098 turns).

gobodom the Magician (Demonspawn Hedge Wizard)      Turns: 3098, Time: 00:12:38

Health: -1/35      AC:  4    Str: 10    XL:     5   Next: 51%
Magic:  9/11       EV: 12    Int: 17    God:
Gold:   46         SH:  0    Dex: 13    Spells: 11/12 levels left

rFire   . . .      SeeInvis .   a - +0 dagger
rCold   . . .      Faith    .   (no shield)
rNeg    . . .      Spirit   .   b - +0 robe
rPois   .          Reflect  .   c - +0 hat
rElec   .          Harm     .   (no cloak)
rCorr   .          Rampage  .   (no gloves)
Will    .....                   (no boots)
Stlth   ++........              k - amulet of magic regeneration
HPRegen 0.11/turn               (no ring)
MPRegen 0.64/turn               (no ring)

@: lethally poisoned (-1 -> -14), very slightly contaminated
A: claws 1, icy blue scales 1, spiny 1, magic regeneration
a: no special abilities


You were on level 4 of the Dungeon.
You visited 1 branch of the dungeon, and saw 4 of its levels.

You collected 46 gold pieces.

Inventory:

Hand Weapons
 a - a +0 dagger (weapon)
Missiles
 e - 3 poisoned darts (quivered)
 h - 5 boomerangs
 n - a throwing net
Armour
 b - a +0 robe (worn)
 c - a +0 hat (worn)
 p - a +0 leather armour of fire resistance
Jewellery
 k - an amulet of magic regeneration (around neck)
Wands
 i - a wand of iceblast (11)
Scrolls
 d - a scroll of identify {unknown}
 f - a scroll of immolation {unknown}
 g - a scroll of fog
 j - a scroll of noise {unknown}
 m - a scroll of magic mapping {unknown}
 o - a scroll of enchant armour {unknown}
Potions
 l - 2 potions of mutation {unknown}


   Skills:
 + Level 0.2 Fighting
 + Level 1.2 Short Blades
 + Level 2.4 Dodging
 + Level 2.6 Stealth
 + Level 4.4 Spellcasting
 + Level 2.4 Conjurations
 + Level 1.0 Summonings
 + Level 0.8 Translocations


You had 11 spell levels left.
You knew the following spells:

 Your Spells              Type           Power      Damage    Failure   Level
a - Magic Dart            Conj           48%        1d5       5%          1

Your spell library contained the following spells:

 Spells                   Type           Power      Damage    Failure   Level
 Slow                     Hex            12%        N/A       16%         1
 Blink                    Tloc           12%        N/A       16%         2
 Call Imp                 Summ           7%         N/A       16%         2
 Conjure Flame            Conj/Fire      7%         6-21      26%         3
 Mephitic Cloud           Conj/Pois/Air  6%         N/A       32%         3
 Confusing Touch          Hex            3%         N/A       41%         3
 Vampiric Draining        Necr           3%         2d6       41%         3


Dungeon Overview and Level Annotations

Branches:
Dungeon (4/15)
 Temple: D:4-7

Altars:

Annotations:
D:3 Sigmund


Innate Abilities, Weirdness & Mutations

You have sharp fingernails.
You are partially covered in icy blue scales. (AC +2)
You are partially covered in sharp spines.
You regenerate magic rapidly.


Message History

The water moccasin is struck by your spines.
The water moccasin barely misses you.
Casting: Magic Dart (safe; 5% risk of failure)
Confirm with . or Enter, or press ? or * to list all spells.
Aiming: Magic Dart (safe; 5% risk of failure)
Press: ? - help, Shift-Dir - straight line, f/p - water moccasin
Aim: a water moccasin (heavily wounded, 100% to hit)
The magic dart hits the water moccasin.
The water moccasin is heavily wounded.
You feel sick.
The water moccasin is struck by your spines.
The water moccasin bites you.
You are lethally poisoned!
The water moccasin poisons you!
The water moccasin is struck by your spines.
The water moccasin closely misses you.
Unknown command.
Casting: Magic Dart (safe; 5% risk of failure)
Confirm with . or Enter, or press ? or * to list all spells.
Aiming: Magic Dart (safe; 5% risk of failure)
Press: ? - help, Shift-Dir - straight line, f/p - water moccasin
Aim: a water moccasin (severely wounded, 100% to hit)
The magic dart hits the water moccasin.
The water moccasin is severely wounded.
* * * LOW HITPOINT WARNING * * *
You feel very sick.
The water moccasin is struck by your spines.
The water moccasin misses you.
Casting: Magic Dart (safe; 5% risk of failure)
Confirm with . or Enter, or press ? or * to list all spells.
Aiming: Magic Dart (safe; 5% risk of failure)
Press: ? - help, Shift-Dir - straight line, f/p - water moccasin
Aim: a water moccasin (almost dead, 100% to hit)
You miscast Magic Dart.
You are very lightly contaminated with residual magic.
Nothing appears to happen.
* * * LOW HITPOINT WARNING * * *
You feel very sick. The water moccasin bites you.
You die...

#....#....##
###.#...#..#
#.#..#....#
#..#........#
###.........#
#####.#...##
###............
#..#........###
###.#@.#...##
##S#...#.#
#....#......
#.###.........
# ....#..###
.#.....# .#...#
#....# ....#


You could see a water moccasin.

Vanquished Creatures
  A scorpion (D:4)
  An iguana (D:4)
  Natasha (D:3)
  3 gnolls (D:2)
  3 adders (D:2)
  A worm (D:2)
  An orc (D:3)
  4 ball pythons
  3 endoplasms (D:1)
  A hobgoblin (D:4)
  A quokka (D:1)
  5 bats
  3 frilled lizards (D:1)
  7 goblins
  4 kobolds (D:1)
  4 rats
43 creatures vanquished.

Notes
Turn   | Place    | Note
-------+----------+-------------------------------------------
     0 | D:1      | gobodom the Demonspawn Hedge Wizard began the quest for the
                  | Orb.
     0 | D:1      | Reached XP level 1. HP: 13/13 MP: 4/4
   649 | D:1      | Gained mutation: You are partially covered in sharp spines.
                  | [demonic ancestry]
   649 | D:1      | Reached XP level 2. HP: 19/19 MP: 4/6
  1438 | D:2      | Gained mutation: You have sharp fingernails. [demonic
                  | ancestry]
  1438 | D:2      | Reached XP level 3. HP: 16/24 MP: 8/8
  1876 | D:2      | Reached skill level 4 in Spellcasting
  1972 | D:2      | Gained mutation: You are partially covered in icy blue
                  | scales. (AC +2) [demonic ancestry]
  1972 | D:2      | Reached XP level 4. HP: 6/30 MP: 6/10
  2584 | D:3      | Found a faded altar of an unknown god.
  2653 | D:3      | Noticed Sigmund
  2655 | D:3      | Noticed Natasha
  2670 | D:3      | HP: 1/30 [Sigmund/+0 scythe (5)]
  2672 | D:3      | Killed Natasha
  2981 | D:4      | Reached skill level 1 in Short Blades
  2981 | D:4      | Gained mutation: You regenerate magic rapidly. [demonic
                  | ancestry]
  2981 | D:4      | Reached XP level 5. HP: 27/35 MP: 9/11
  3090 | D:4      | Noticed a water moccasin
  3098 | D:4      | Slain by a water moccasin

Illustrated notes

Levels and vault maps discovered:
D:1:      dpeg_arrival_yet_another_circle, layout_basic
D:2:      layout_basic, serial_park_tiny_2
D:3:      minmay_diamond_boxcup, layout_loops_cross,
          nicolae_ecumenical_pavilion, uniq_sigmund, uniq_natasha, uniq_terence
D:4:      layout_layer_cave, minmay_increasing_density, uniq_menkaure

Skill      XL: |  1  2  3  4 |
---------------+-------------+-----
Dodging        | 2 |  2.4
Stealth        | 2 |  2.6
Spellcasting   | 4 |  4.4
Conjurations   | 2 |  2.4
Short Blades   | 1 |  1.2
Fighting       | |  0.2
Summonings     | |  1.0
Translocations | |  0.8

Action                   |  1- 3 |  4- 6 || total
-------------------------+-------+-------++-------
Melee: Dagger            |    52 |    25 ||    77
       Punch             |       |     1 ||     1
 Cast: Magic Dart        |    50 |    43 ||    93
  Use: Scroll            |       |     2 ||     2
       Potion            |       |     2 ||     2
 Stab: Sleeping          |     1 |       ||     1
Armor: Robe              |    16 |     6 ||    22
Dodge: Dodged            |    33 |    28 ||    61
